 Dungeon Crawl Stone Soup version 0.30-b1-2-g02819fbbbe (webtiles) character file.

Game seed: 8909509703050304065

253689 BoggartBeater the Warrior (level 20, -10/142 HPs)
             Began as a Kobold Berserker on Aug 17, 2023.
             Was the Champion of Trog.
             Mangled by a juggernaut skeleton (37 damage)
             ... led by a necromancer
             ... on level 1 of the Depths.
             The game lasted 01:22:51 (40412 turns).

BoggartBeater the Warrior (Kobold Berserker)       Turns: 40412, Time: 01:22:51

Health: -10/142    AC: 25    Str: 25      XL:     20   Next: 52%
Magic:  20/20      EV: 23    Int:  6 (8)  God:    Trog [******]
Gold:   2851       SH: 17    Dex: 22 (23) Spells: 19/19 levels left

rFire   + . .        N - +9 quick blade (chaos)
rCold   . . .        P - +2 kite shield {reflect}
rNeg    + + .        H - +1 storm dragon scales
rPois   .            O - +0 helmet of a bailey {Contam Will+ Str+5 Stlth+}
rElec   +            F - +2 cloak
rCorr   .            Q - +0 pair of gloves {Dex+3}
SInv    .            V - +1 pair of boots of the Everdark {rElec Str+4 Int-2}
Will    ++...        c - amulet of regeneration
Stlth   +++++        v - ring of the Failed Coup {Fly rF+ rN++ Slay+4}
HPRegen 1.23/turn    h - +4 ring of slaying
MPRegen 0.17/turn

%: reflection
@: flying, studying Armour
A: small, no large weapons, nightstalker 3
}: 2/15 runes: barnacled, gossamer
a: Renounce Religion, Berserk, Trog's Hand, Brothers in Arms


You were on level 1 of the Depths.
You worshipped Trog.
Trog was exalted by your worship.
You visited 6 branches of the dungeon, and saw 31 of its levels.
You also visited: Gauntlet and Ice Cave.

You collected 3469 gold pieces.
You spent 618 gold pieces at shops.

Inventory:

Hand Weapons
 N - a +9 quick blade of chaos (weapon)
Missiles
 U - a throwing net (quivered)
Armour
 F - a +2 cloak (worn)
 H - +1 storm dragon scales (worn)
 O - the +0 helmet of a bailey (worn) {Contam Will+ Str+5 Stlth+}
   (You found it in a Gauntlet)

   Str:       It affects your strength (+5).
   Contam:    It causes magical contamination when unequipped.
   Will:      It increases your willpower.
   Stlth:     It makes you more stealthy.
 P - a +2 kite shield of reflection (worn)
 Q - a +0 pair of gloves of dexterity (worn)
 V - the +1 pair of boots of the Everdark (worn) {rElec Str+4 Int-2}
   (You found it on level 4 of the Spider Nest)

   Str:       It affects your strength (+4).
   Int:       It affects your intelligence (-2).
   rElec:     It insulates you from electricity.
Jewellery
 c - an amulet of regeneration (around neck)
 d - a ring of protection from cold
 h - a +4 ring of slaying (right hand)
 v - the ring of the Failed Coup (left hand) {Fly rF+ rN++ Slay+4}
   (You acquired it on level 6 of the Dungeon)

   [ring of slaying]

   Slay:      It affects your accuracy & damage with ranged weapons and melee
   (+4).
   rF:        It protects you from fire.
   rN:        It greatly protects you from negative energy.
   Fly:       It grants you flight.
 J - the ring "Caly" {Fly rElec rN+}
   (You found it on level 3 of the Spider Nest)

   [ring of flight]

   rElec:     It insulates you from electricity.
   rN:        It protects you from negative energy.
   Fly:       It grants you flight.
Wands
 l - a wand of polymorph (26)
 n - a wand of roots (21)
 x - a wand of quicksilver (8)
 C - a wand of paralysis (27)
 L - a wand of flame (32)
 R - a wand of mindburst (11)
Scrolls
 b - 2 scrolls of fog
 e - 13 scrolls of teleportation
 j - 5 scrolls of enchant weapon
 m - 9 scrolls of blinking
 s - 3 scrolls of poison
 y - 2 scrolls of magic mapping
 B - 2 scrolls of butterflies
 E - 6 scrolls of vulnerability
 I - 13 scrolls of identify
 K - 5 scrolls of fear
 M - a scroll of silence
Potions
 a - 5 potions of heal wounds
 f - 15 potions of curing
 g - 3 potions of cancellation
 i - 6 potions of mutation
 k - 6 potions of flight
 o - 8 potions of ambrosia
 q - 6 potions of attraction
 r - a potion of brilliance
 t - 4 potions of might
 z - 2 potions of invisibility
 A - 13 potions of lignification
 D - a potion of resistance
 G - 2 potions of magic
 S - 2 potions of haste
Miscellaneous
 p - a tin of tremorstones (1/2)
 w - a box of beasts
 T - a phantom mirror


   Skills:
 + Level 20.4 Fighting
 - Level 10.0 Short Blades
 - Level 11.0 Armour
 + Level 17.6 Dodging
 - Level 15.0 Stealth
 - Level 15.0 Shields
 - Level 15.0 Evocations


You had 19 spell levels left.
You didn't know any spells.
Your spell library was empty.

Dungeon Overview and Level Annotations

Branches:
Dungeon (15/15)            Temple (0/1) D:4            Lair (5/5) D:11
 Shoals (4/4) Lair:2       Spider (4/4) Lair:3        Slime (0/5) Lair:5
    Orc (2/2) D:12            Elf (0/3) Orc:2        Vaults (0/5) D:13
 Depths (1/4) D:15          IceCv (visited)         Gauntlet (visited)

Altars:
Dithmenos
Elyvilon
Kikubaaqudgha
Okawaru
Sif Muna
Wu Jian
Yredelemnul
Zin
Jiyva

Shops:
D:2 !   D:5 *   Orc:2 ?[(=   Shoals:2 (   Shoals:3 (

Annotations:
D:9 1 runed translucent door
D:12 2 runed translucent doors


Innate Abilities, Weirdness & Mutations

You are small and have problems with some larger weapons.
You are completely attuned to the shadows.


Message History

The juggernaut skeleton is lightly damaged.
You puncture the juggernaut skeleton!
The juggernaut skeleton convulses.
The juggernaut skeleton is moderately damaged.
You puncture the juggernaut skeleton!
Lightning courses through the juggernaut skeleton!
The juggernaut skeleton is heavily damaged.
The juggernaut skeleton hits you!! x2
You hit the juggernaut skeleton but do no damage.
The juggernaut skeleton is heavily damaged.
You hit the juggernaut skeleton but do no damage.
The juggernaut skeleton is heavily damaged.
You hit the juggernaut skeleton.
Nothing appears to happen.
The juggernaut skeleton is heavily damaged.
You puncture the juggernaut skeleton!
The juggernaut skeleton convulses!
The juggernaut skeleton is heavily damaged.
You hit the juggernaut skeleton. You burn the juggernaut skeleton.
The juggernaut skeleton is severely damaged.
You puncture the juggernaut skeleton!
The juggernaut skeleton is severely damaged.
You block the juggernaut skeleton's attack. x2
You puncture the juggernaut skeleton!
The juggernaut skeleton seems to grow stronger.
The juggernaut skeleton is severely damaged.
A golden dragon zombie comes into view.
You hit the juggernaut skeleton.
The juggernaut skeleton easily resists.
The juggernaut skeleton is severely damaged.
You puncture the juggernaut skeleton!
The juggernaut skeleton is severely damaged.
You hit the juggernaut skeleton but do no damage.
The juggernaut skeleton suddenly seems more agile.
The juggernaut skeleton is severely damaged.
You hit the juggernaut skeleton.
Space warps around the juggernaut skeleton.
The juggernaut skeleton is almost destroyed.
You hit the juggernaut skeleton but do no damage.
The juggernaut skeleton is almost destroyed.
The juggernaut skeleton hits you!!!
* * * LOW HITPOINT WARNING * * *
The juggernaut skeleton hits you!!!
You die...

♣..####'#########'##.#
♣.....^# #..........#
♣.#.##.# #.##)#####.#
#♣.#(##.###...).......
♣.....(.....##.#####.#
...#.###### #.# #.#
#####)#########.# ##'#
.....[.<.....##.## #...
...Z..@......'...# #...
.....Z.......##..# #...
.............##..###...
.............###...'...
.............# #####...
.............# #...
######## ####


You could see a golden dragon zombie and a juggernaut skeleton (fast, strong,
agile).

Vanquished Creatures
  Mara (Spider:3)
  Bai Suzhen (Spider:3)
  Jorgrun (Spider:1)
  2 titans
  Polyphemus (Shoals:2)
  Frances (Spider:1)
  Gastronok (Lair:2)
  A kraken (Shoals:1)
  Agnes (Spider:4)
  A sphinx (Depths:1)
  Ilsuiw (Shoals:3)
  5 emperor scorpions
  4 ghost moths
  2 orc warlords (Orc:2)
  4 broodmothers
  4 stone giants
  A vampire knight (Depths:1)
  A minotaur (Gauntlet)
  Azrael (Orc:2)
  7 spark wasps
  The ghost of coenern the Destroyer, a journeyman DrCj of Vehumet (Lair:2)
  6 merfolk javelineers
  A fire dragon (D:11)
  Fannar (Orc:1)
  4 entropy weavers
  3 rakshasas
  4 merfolk impalers (Shoals:4)
  A great orb of eyes (Gauntlet)
  2 ice dragons
  6 hydras
  6 centaur warriors
  A jorogumo (Spider:3)
  3 catoblepae
  A spriggan air mage (Depths:1)
  A radroach (Spider:1)
  4 boulder beetles
  8 merfolk aquamancers
  An alligator snapping turtle (Shoals:4)
  3 two-headed ogres
  A merfolk avatar (Shoals:2)
  A deep troll earth mage (Depths:1)
  3 tengu warriors
  A vampire mage (D:15)
  A satyr (Shoals:4)
  4 death yaks (Shoals:2)
  An orc high priest (Orc:2)
  2 spriggan berserkers (D:15)
  6 skysharks
  3 pharaoh ants
  A storm dragon skeleton (D:15)
  A sun moth (Spider:4)
  A skeletal warrior (D:15)
  6 sea snakes
  An iron troll (Depths:1)
  A goliath frog (Lair:5)
  An obsidian statue (D:12)
  3 deep trolls (Depths:1)
  13 orb spiders
  4 steelbarb worms
  5 necromancers
  4 lindwurms (Lair:5)
  11 harpies
  7 orc knights
  A fire giant zombie (D:15)
  4 deep elf pyromancers
  An oklob plant (Lair:3)
  15 ugly things
  19 wolf spiders
  An iron dragon zombie (D:15)
  8 wolf spider zombies (Spider:3)
  12 cyclopes
  5 orc sorcerers
  15 manticores
  11 fauns
  2 moths of wrath
  4 elephants (Lair:3)
  A moth of wrath (shapeshifter) (D:14)
  An ice statue (IceCv)
  6 torpor snails
  8 black mambas
  10 water nymphs
  4 merfolk sirens (Shoals:3)
  A torpor snail (shapeshifter) (D:13)
  7 demonic crawlers
  16 cane toads
  2 rime drakes
  3 unseen horrors
  2 anaconda simulacra (IceCv)
  7 redback zombies (Spider:3)
  11 ice devils (IceCv)
  3 efreet
  10 komodo dragons
  6 freezing wraiths
  A tengu conjurer (D:15)
  A guardian mummy (D:15)
  8 polar bears
  31 merfolk
  12 trolls
  6 meliai
  27 tarantellas
  3 tyrant leeches
  A wind drake (shapeshifter) (D:13)
  10 hornets
  A raiju (shapeshifter) (D:15)
  2 wolf spider simulacra (D:14)
  12 wind drakes
  Grinder (D:3)
  8 saltlings (Orc:2)
  A hornet (shapeshifter) (D:13)
  Prince Ribbit (D:5)
  5 culicivora zombies (Spider:3)
  2 tarantella zombies (Spider:3)
  20 blink frogs
  12 snapping turtles
  10 dream sheep
  11 slime creatures
  20 jumping spiders
  15 culicivoras
  2 shadows
  7 wyverns
  A spriggan (Depths:1)
  27 water elementals
  5 centaur simulacra
  8 air elementals (Shoals:4)
  3 fire bats (D:7)
  2 wraiths
  An ettin skeleton (Depths:1)
  4 basilisks
  53 yaks
  11 vampire mosquitoes
  6 fire elementals
  3 wargs (Orc:2)
  3 steam dragons
  41 redbacks
  2 death yak simulacra (IceCv)
  A harpy simulacrum (IceCv)
  2 swamp worms (Gauntlet)
  2 hydra simulacra (IceCv)
  4 acid dragons
  12 water moccasins
  4 hell hounds (Orc:2)
  A human skeleton (D:15)
  A swamp drake (D:12)
  45 orc warriors
  3 ice beasts
  2 black bears (D:7)
  5 ogres
  7 wolves
  10 centaurs
  A phantom (D:4)
  The ghost of PaleRider the Changer, an amateur OpTm (D:3)
  3 kobold brigands
  17 bullfrogs
  2 gnoll sergeants (D:8)
  7 cane toad simulacra
  3 wights (D:9)
  4 elephant simulacra (IceCv)
  3 howler monkeys
  4 electric eels
  8 hounds
  2 jellies
  21 orc priests
  A gnoll bouda (D:7)
  2 iguanas
  Ijyb (D:3)
  20 orc wizards
  Natasha (twice) (D:3)
  A spriggan simulacrum (IceCv)
  6 polar bear simulacra (IceCv)
  3 troll simulacra (IceCv)
  2 wolf simulacra (IceCv)
  15 gnolls
  5 adders
  A naga simulacrum (IceCv)
  4 white imps
  An ufetubus (D:5)
  2 worms
  A worm (shapeshifter) (D:14)
  2 dart slugs
  106 orcs
  3 bats
  10 endoplasms
  2 giant cockroaches (D:3)
  6 goblins
  6 hobgoblins
  7 jackals
  19 kobolds
  5 quokkas
  8 ball pythons
  5 frilled lizards
  4 rats
1201 creatures vanquished.

Vanquished Creatures (collateral kills)
  Louise (Shoals:1)
  A merfolk javelineer (Shoals:4)
  A merfolk impaler (Shoals:4)
  A merfolk aquamancer (Shoals:3)
  A water nymph (Shoals:3)
  A wind drake (Shoals:1)
  2 water elementals (Shoals:3)
8 creatures vanquished.

Vanquished Creatures (others)
  A tarantella (Spider:4)
  An air elemental (Shoals:4)
  29 fungi
  4 pillars of salt (Orc:2)
  126 plants
  4 tentacles (Shoals:1)
  6 withered plants
171 creatures vanquished.

Grand Total: 1380 creatures vanquished

Notes
Turn   | Place    | Note
-------+----------+-------------------------------------------
     0 | D:1      | BoggartBeater the Kobold Berserker began the quest for the
                  | Orb.
     0 | D:1      | Reached XP level 1. HP: 14/14 MP: 1/1
   157 | D:1      | Reached XP level 2. HP: 19/19 MP: 2/2
   171 | D:1      | Found a faded altar of an unknown god.
   239 | D:1      | Reached skill level 1 in Stealth
   273 | D:1      | Reached XP level 3. HP: 23/23 MP: 3/3
  1131 | D:2      | Reached XP level 4. HP: 29/29 MP: 4/4
  1138 | D:2      | Reached ** piety under Trog
  1227 | D:2      | Found Riginam's Distillery.
  1233 | D:2      | Bought a potion of curing for 36 gold pieces
  1461 | D:3      | Noticed Ijyb
  1587 | D:3      | Found a runed translucent gate.
  1587 | D:3      | Found a runed translucent gate.
  1587 | D:3      | Found a runed translucent gate.
  1620 | D:3      | Noticed a kobold brigand
  1694 | D:3      | Noticed PaleRider's ghost (amateur OpTm)
  1731 | D:3      | Reached skill level 4 in Fighting
  1762 | D:3      | Killed Ijyb
  1763 | D:3      | Reached skill level 5 in Short Blades
  1763 | D:3      | Reached XP level 5. HP: 7/33 MP: 5/5
  2044 | D:3      | Noticed Grinder
  2051 | D:3      | Paralysed by Grinder for 3 turns
  2058 | D:3      | Killed Grinder
  2059 | D:3      | Reached skill level 5 in Fighting
  2059 | D:3      | Reached XP level 6. HP: 36/40 MP: 6/6
  2163 | D:3      | Noticed Natasha
  2167 | D:3      | Killed Natasha
  2168 | D:3      | Reached skill level 5 in Dodging
  2168 | D:3      | Reached XP level 7. HP: 44/44 MP: 7/7
  2221 | D:3      | Found an iron altar of Okawaru.
  2338 | D:3      | Reached skill level 5 in Stealth
  2677 | D:3      | Noticed Natasha
  2691 | D:3      | Killed Natasha
  2875 | D:3      | Killed PaleRider's ghost
  2876 | D:3      | Reached skill level 6 in Fighting
  3276 | D:4      | Reached *** piety under Trog
  3313 | D:4      | Reached skill level 7 in Fighting
  3415 | D:4      | Found a glowing silver altar of Zin.
  3701 | D:4      | Found a staircase to the Ecumenical Temple.
  3724 | D:4      | Reached skill level 1 in Evocations
  3724 | D:4      | Reached XP level 8. HP: 53/53 MP: 8/8
  3877 | D:5      | Entered Level 5 of the Dungeon
  4080 | D:5      | Found Pironirph's General Store.
  4084 | D:5      | Bought a scroll of identify for 26 gold pieces
  4084 | D:5      | Bought a potion of might for 52 gold pieces
  4436 | D:5      | Noticed Prince Ribbit
  4460 | D:5      | Killed Prince Ribbit
  4982 | D:6      | Reached XP level 9. HP: 54/57 MP: 9/9
  5829 | D:6      | Found a white marble altar of Elyvilon.
  5834 | D:6      | Found a shimmering blue altar of Sif Muna.
  5836 | D:6      | Found a shadowy altar of Dithmenos.
  5837 | D:6      | Found a faded altar of an unknown god.
  5842 | D:6      | Found a faded altar of an unknown god.
  5872 | D:6      | Identified a scroll of acquirement
  5875 | D:6      | Acquired the ring of the Failed Coup {Fly rF+ rN++ Slay+4}
  6001 | D:7      | Reached skill level 8 in Fighting
  6056 | D:7      | Found a basalt altar of Yredelemnul.
  6059 | D:7      | Reached **** piety under Trog
  6235 | D:7      | Reached skill level 5 in Evocations
  6243 | D:7      | Reached XP level 10. HP: 43/65 MP: 10/10
  6365 | D:7      | Reached skill level 9 in Fighting
  6391 | D:7      | Paralysed by a hornet for 3 turns
  6558 | D:7      | Found a transporter.
  6701 | D:7      | Reached skill level 10 in Fighting
  6880 | D:7      | Found a transporter.
  7538 | D:8      | Found an ancient bone altar of Kikubaaqudgha.
  7722 | D:8      | Reached skill level 5 in Armour
  7842 | D:8      | Reached ***** piety under Trog
  8212 | D:9      | Noticed a cyclops
  8216 | D:9      | Killed a cyclops
  8217 | D:9      | Reached XP level 11. HP: 73/73 MP: 11/11
  8237 | D:9      | Noticed a two-headed ogre
  8246 | D:9      | Killed a two-headed ogre
  8367 | D:8      | Found an ornate altar of the Wu Jian Council.
  8414 | D:9      | Identified the +4 quarterstaff "Moza" {heavy, *Slow rC+
                  | Will+}
  8583 | D:9      | Noticed a centaur warrior
  8585 | D:9      | Found a runed translucent door.
  8998 | D:10     | Entered Level 10 of the Dungeon
  9144 | D:9      | Reached skill level 11 in Fighting
 10033 | D:11     | Noticed a two-headed ogre
 10037 | D:11     | Killed a two-headed ogre
 10038 | D:11     | Reached skill level 10 in Stealth
 10038 | D:11     | Found a staircase to the Lair.
 10230 | D:11     | Noticed a cyan ugly thing
 10234 | D:11     | Killed a cyan ugly thing
 10265 | D:11     | Noticed a cyclops
 10269 | D:11     | Killed a cyclops
 10270 | D:11     | Reached XP level 12. HP: 80/80 MP: 12/12
 10315 | D:11     | Noticed a fire dragon
 10394 | D:11     | Reached skill level 10 in Short Blades
 10459 | D:11     | Received a gift from Trog
 10813 | D:11     | Noticed a centaur warrior
 10847 | D:11     | Killed a fire dragon
 10848 | D:11     | Reached skill level 10 in Dodging
 10930 | D:11     | Reached skill level 12 in Fighting
 10997 | Lair:1   | Entered Level 1 of the Lair of Beasts
 11189 | Lair:1   | Reached skill level 10 in Evocations
 12317 | Lair:2   | Noticed a four-headed hydra
 12329 | Lair:2   | Killed a four-headed hydra
 12455 | Lair:2   | Found a runed translucent gate.
 12455 | Lair:2   | Found a runed translucent gate.
 12457 | Lair:2   | Reached XP level 13. HP: 87/87 MP: 13/13
 12457 | Lair:2   | Found a runed translucent gate.
 12466 | Lair:2   | Noticed coenern's ghost (journeyman DrCj)
 12504 | Lair:2   | Noticed Gastronok
 12515 | Lair:2   | Killed Gastronok
 12814 | Lair:2   | Found a staircase to the Shoals.
 13190 | Lair:2   | Noticed a 12-headed hydra
 13190 | Lair:2   | Noticed a ten-headed hydra
 13277 | Lair:2   | Killed coenern's ghost
 13404 | Lair:3   | Reached skill level 13 in Fighting
 13504 | Lair:3   | Found a hole to the Spider Nest.
 14943 | Lair:4   | Found a frozen archway.
 14945 | Lair:4   | Reached skill level 10 in Armour
 14946 | Lair:4   | Noticed an ice dragon
 14954 | Lair:4   | Killed an ice dragon
 14955 | Lair:4   | Reached skill level 14 in Fighting
 14957 | IceCv    | Entered an ice cave
 14974 | IceCv    | Reached XP level 14. HP: 95/96 MP: 14/14
 15405 | IceCv    | Received a gift from Trog
 15946 | IceCv    | Reached skill level 15 in Fighting
 15976 | IceCv    | Found an ancient bone altar of Kikubaaqudgha.
 17100 | Lair:5   | Entered Level 5 of the Lair of Beasts
 17278 | Lair:4   | Received a gift from Trog
 17348 | Lair:5   | Found a gate leading to a gauntlet.
 17411 | Gauntlet | Entered a Gauntlet
 17411 | Gauntlet | Found a large runed translucent door.
 17411 | Gauntlet | Found a large runed translucent door.
 17411 | Gauntlet | Found a transporter.
 17411 | Gauntlet | Found a transporter.
 17412 | Gauntlet | Found a large runed translucent door.
 17412 | Gauntlet | Found a large runed translucent door.
 17421 | Gauntlet | Found a large runed translucent door.
 17421 | Gauntlet | Found a large runed translucent door.
 17439 | Gauntlet | Found a transporter.
 17439 | Gauntlet | Found a transporter.
 17468 | Gauntlet | Found a transporter.
 17490 | Gauntlet | Found a transporter.
 17520 | Gauntlet | Found a transporter.
 17541 | Gauntlet | Found a large runed translucent door.
 17542 | Gauntlet | Found a transporter.
 17542 | Gauntlet | Found a large runed translucent door.
 17543 | Gauntlet | Found a large runed translucent door.
 17543 | Gauntlet | Found a large runed translucent door.
 17554 | Gauntlet | Found a runed translucent door.
 17556 | Gauntlet | Found a runed translucent door.
 17558 | Gauntlet | Found a large runed translucent door.
 17559 | Gauntlet | Found a large runed translucent door.
 17566 | Gauntlet | Found a large runed translucent door.
 17567 | Gauntlet | Found a large runed translucent door.
 17568 | Gauntlet | Found a large runed translucent door.
 17568 | Gauntlet | Found a large runed translucent door.
 17578 | Gauntlet | Found a runed translucent gate.
 17579 | Gauntlet | Found a transporter.
 17587 | Gauntlet | Found a transporter.
 17609 | Gauntlet | Found a transporter.
 17616 | Gauntlet | Found a transporter.
 17675 | Gauntlet | Found a runed translucent gate.
 17675 | Gauntlet | Found a runed translucent gate.
 17704 | Gauntlet | Found a transporter.
 17712 | Gauntlet | Found a transporter.
 17734 | Gauntlet | Found a transporter.
 17741 | Gauntlet | Found a transporter.
 17982 | Gauntlet | Identified the +0 helmet of a bailey {Contam Will+ Str+5
                  | Stlth+}
 18087 | Gauntlet | Identified the +1 pair of boots of the Shining Light {Harm
                  | rF- Str+4 Dex+3}
 18162 | Gauntlet | Noticed a minotaur
 18204 | Gauntlet | Killed a minotaur
 18252 | Gauntlet | Identified the staff of death "Litwiwu" {rF- rC++ rN+
                  | Str+6}
 18538 | Lair:5   | Reached XP level 15. HP: 97/104 MP: 15/15
 18809 | Lair:5   | Found a viscous altar of Jiyva.
 18835 | Lair:5   | Found a staircase to the Slime Pits.
 19134 | Lair:5   | Received a gift from Trog
 19135 | Lair:5   | Reached skill level 16 in Fighting
 19829 | D:12     | Found a runed translucent door.
 19845 | D:12     | Found a runed translucent door.
 19862 | D:12     | Found a runed translucent door.
 19878 | D:12     | Found a runed translucent door.
 20150 | D:12     | Found a staircase to the Orcish Mines.
 20644 | Orc:1    | Entered Level 1 of the Orcish Mines
 20690 | Orc:1    | Received a gift from Trog
 20782 | Orc:2    | Entered Level 2 of the Orcish Mines
 20843 | Orc:2    | Found a staircase to the Elven Halls.
 20873 | Orc:2    | Noticed a stone giant
 20889 | Orc:2    | Killed a stone giant
 21046 | Orc:1    | Noticed Fannar
 21063 | Orc:1    | Killed Fannar
 21272 | Orc:2    | Noticed an orc warlord
 21307 | Orc:2    | Killed an orc warlord
 21388 | Orc:2    | Noticed Azrael
 21436 | Orc:2    | Killed Azrael
 21874 | Orc:2    | Reached XP level 16. HP: 94/111 MP: 16/16
 22092 | Orc:2    | Received a gift from Trog
 22116 | Orc:2    | Reached ****** piety under Trog
 22623 | Orc:2    | Found Beraf's Magic Scroll Emporium.
 22629 | Orc:2    | Bought a scroll of butterflies for 60 gold pieces
 22645 | Orc:2    | Found Enlik's Armour Shop.
 22645 | Orc:2    | Found Utiol's Antique Weapon Shop.
 22670 | Orc:2    | Found Qynihapo's Jewellery Boutique.
 22963 | D:2      | Bought a potion of invisibility for 96 gold pieces
 22963 | D:2      | Bought a potion of cancellation for 96 gold pieces
 22963 | D:2      | Bought a potion of cancellation for 96 gold pieces
 22963 | D:2      | Bought a potion of curing for 36 gold pieces
 22963 | D:2      | Bought a potion of heal wounds for 60 gold pieces
 22963 | D:2      | Bought a potion of heal wounds for 60 gold pieces
 23610 | D:13     | Found a gate to the Vaults.
 23624 | D:13     | Reached skill level 17 in Fighting
 23883 | D:13     | Reached skill level 15 in Evocations
 23966 | D:13     | Paralysed by a hornet for 2 turns
 24621 | D:14     | Reached skill level 15 in Dodging
 25034 | D:14     | Reached skill level 15 in Stealth
 25336 | D:14     | Received a gift from Trog
 25680 | D:14     | Identified the staff of earth "Qabafy" {+Blink Str+3 Int+3
                  | Dex+2}
 25948 | D:15     | Entered Level 15 of the Dungeon
 26315 | D:15     | Found a staircase to the Depths.
 26347 | D:15     | Reached skill level 18 in Fighting
 26505 | D:15     | Reached XP level 17. HP: 117/119 MP: 17/17
 27254 | Spider:1 | Entered Level 1 of the Spider Nest
 27267 | Spider:1 | Received a gift from Trog
 27281 | Spider:1 | Reached skill level 1 in Shields
 27831 | Spider:1 | Noticed Jorgrun
 27835 | Spider:1 | Killed Jorgrun
 27894 | Spider:1 | Noticed Frances
 27898 | Spider:1 | Killed Frances
 28038 | Spider:1 | Paralysed by a hornet for 3 turns
 29151 | Spider:2 | Reached skill level 19 in Fighting
 29773 | Spider:3 | Received a gift from Trog
 29956 | Spider:3 | Noticed Bai Suzhen
 29964 | Spider:3 | Killed Bai Suzhen
 29965 | Spider:3 | Reached skill level 5 in Shields
 30065 | Spider:3 | Noticed Mara
 30069 | Spider:3 | Killed Mara
 30424 | Spider:3 | Reached XP level 18. HP: 128/128 MP: 18/18
 30756 | Spider:4 | Entered Level 4 of the Spider Nest
 31004 | Spider:4 | Noticed Agnes
 31008 | Spider:4 | Killed Agnes
 31009 | Spider:4 | Reached skill level 20 in Fighting
 31423 | Spider:3 | Received a gift from Trog
 31543 | Spider:3 | Identified the ring "Caly" {Fly rElec rN+}
 32450 | Spider:4 | Reached skill level 10 in Shields
 32658 | Spider:4 | Received a gift from Trog
 32854 | Spider:4 | Paralysed by a hornet for 1 turns
 33038 | Spider:4 | Identified the +1 pair of boots of the Everdark {rElec
                  | Str+4 Int-2}
 33072 | Spider:4 | Got a gossamer rune of Zot
 33322 | Shoals:1 | Entered Level 1 of the Shoals
 33410 | Shoals:1 | Reached XP level 19. HP: 135/135 MP: 19/19
 33836 | Shoals:1 | Noticed Louise
 33862 | Shoals:1 | Killed Louise
 34060 | Shoals:1 | Identified the +1 leather armour "Simufrisof" {Dex+4}
 34972 | Shoals:2 | Found Wew Fucuacs's Weapon Shoppe.
 34993 | Shoals:2 | Noticed Polyphemus
 35017 | Shoals:2 | Killed Polyphemus
 35753 | Shoals:2 | Noticed a titan
 35757 | Shoals:2 | Killed a titan
 36209 | Shoals:3 | Noticed Ilsuiw
 36545 | Shoals:3 | Killed Ilsuiw
 36612 | Shoals:3 | Found Voesk's Weapon Shoppe.
 37353 | Shoals:4 | Entered Level 4 of the Shoals
 37526 | Shoals:4 | Paralysed by an air elemental for 1 turns
 37786 | Shoals:4 | Identified the +8 demon blade of Dakeros {flame, Str+3}
                  | (Trog gifted it to you on level 4 of the Shoals)
 37786 | Shoals:4 | Received a gift from Trog
 37798 | Shoals:4 | Paralysed by an air elemental for 1 turns
 37884 | Shoals:4 | Paralysed by an air elemental for 1 turns
 37899 | Shoals:4 | Reached XP level 20. HP: 108/140 MP: 20/20
 38269 | Shoals:4 | Paralysed by an air elemental for 1 turns
 38765 | Shoals:4 | Identified the +4 sling of the Nine Spreadsheets {flame,
                  | rN++ rCorr Str+3 Dex-2}
 38794 | Shoals:4 | Reached skill level 15 in Shields
 38842 | Shoals:4 | Got a barnacled rune of Zot
 39258 | Depths:1 | Entered Level 1 of the Depths
 39715 | Depths:1 | Received a gift from Trog
 40412 | Depths:1 | Mangled by a juggernaut skeleton

Illustrated notes

Levels and vault maps discovered:
D:1:      lightli_molten_gateway, layout_loops_ring,
          ebering_ecumenical_altar_abandoned
D:2:      layout_rooms, serial_shops, shop, kennysheep_generic_room_12
D:3:      layout_basic, nicolae_overflow_hidden_temple, gammafunk_ghost_split,
          uniq_ijyb, uniq_grinder, uniq_natasha
D:4:      layout_loops_ring, kennysheep_mini, minmay_temple_entry_glassed_door
D:5:      layout_basic, serial_shops, shop, uniq_prince_ribbit1
D:6:      layout_loops_ring, chequers_temple_overflow_minitemple,
          kennysheep_generic_room_16
D:7:      gammafunk_cloud_chamber, layout_gridville, yredelemnul_altar_generic
D:8:      minmay_skewed_foursquare, layout_gridville, kiku_gazebo_garden_becter,
          pdpol_wu_jian_five_deadly_venoms, grunt_ministairs_12,
          minmay_misc_feat_square, minmay_statues_item
D:9:      layout_basic, hangedman_decor_lopped, minmay_st_funbox,
          hangedman_decor_points
D:10:     layout_irregular_city
D:11:     layout_loops_ring, lair_entry_dummy, grunt_tough_drop
D:12:     layout_roguey, erik_orc_1, drop_trap, minmay_statue_crystal_thing
D:13:     layout_basic, david_vaults_1
D:14:     layout_roguey [special_room_orc], kennysheep_flooded_box,
          minmay_pinched_square
D:15:     gammafunk_depths_entry_grave, layout_gridville,
          dreamdust_princess_corridor, special_room [special_room_orc],
          minmay_misc_feat_rugged, hex_large
Lair:1:   layout_chaotic_city
Lair:2:   layout_long_grid, minmay_shoals_entry_centaurs,
          gammafunk_ghost_hydra_chop, uniq_gastronok
Lair:3:   layout_cave_pods, spider_nest_entry_webs
Lair:4:   layout_layer_cave, portal_ice_cave_entry_animals_and_master,
          chequers_serial_rivers_large_b, infiniplex_staircase_pool_2
Lair:5:   minmay_lair_end_frog_pond, layout_small_grid, slime_entry_1,
          gauntlet_entry_generic, minmay_lindwurm_lava
Shoals:1: layout_shoals, uniq_louise
Shoals:2: cheibrodos_shoals_gigantism, layout_shoals, serial_shops, shop,
          uniq_polyphemus
Shoals:3: layout_shoals, serial_shops, nicolae_shop_scrapyard, uniq_ilsuiw
Shoals:4: shoals_end_hellmonk_storm_palace [storm_palace_center_ruins,
          storm_palace_corner_narrow, storm_palace_corner_grid,
          storm_palace_corner_narrow, storm_palace_corner_reverse_hut]
Spider:1: layout_spider_delve, nicolae_spider_paper_wasps, uniq_frances,
          uniq_jorgrun
Spider:2: layout_chambers
Spider:3: lemuel_spider_zombies, uniq_mara, uniq_bai_suzhen
Spider:4: spider_rune_water, uniq_agnes
Orc:1:    layout_caves, uniq_fannar
Orc:2:    hellmonk_orc_salted, layout_caves, uniq_azrael
Depths:1: layout_gridlike, marbit_kobold_abyss_entry, ebering_ghost_inner_flame,
          hell_entry, minmay_stone_trees_small, nicolae_ru_the_path_less_chosen

Skill      XL: |  1  2  3  4  5  6  7  8  9 10 11 12 13 14 15 16 17 18 19 20 |
---------------+-------------------------------------------------------------+-----
Stealth        | 1 2 4 5 6 7 8 10 11 13 15 | 15.0
Dodging        | 3 4 5 7 8 9 10 12 13 14 16 17 | 17.6
Fighting       | 4 5 7 8 10 11 12 14 15 16 18 19 20 | 20.4
Short Blades   | 5 6 7 8 9 10 | 10.0
Evocations     | 1 2 5 6 8 10 12 13 14 15 | 15.0
Armour         | 2 4 5 6 7 10 11 | 11.0
Shields        | 5 10 14 15 | 15.0

Action                     |  1- 3 |  4- 6 |  7- 9 | 10-12 | 13-15 | 16-18 | 19-21 || total
---------------------------+-------+-------+-------+-------+-------+-------+-------++-------
  Melee: Short sword       |    99 |   106 |   288 |   678 |   485 |       |       ||  1656
         Punch             |     1 |     3 |     2 |    16 |    30 |    12 |       ||    64
         Quick blade       |       |       |       |       |  1264 |  1932 |  1167 ||  4363
 Invoke: Berserk           |     1 |     2 |     2 |     5 |    15 |    21 |    10 ||    56
         Trog's Hand       |       |       |       |       |     1 |       |     1 ||     2
         Brothers in Arms  |       |       |       |       |       |       |     2 ||     2
  Evoke: Wand              |       |     1 |       |     5 |    10 |    15 |     1 ||    32
         Tin of tremorston |       |       |       |       |       |     4 |     2 ||     6
         Box of beasts     |       |       |       |       |       |     2 |     1 ||     3
    Use: Scroll            |     4 |       |    16 |     3 |    12 |     3 |     2 ||    40
         Potion            |       |       |     2 |     2 |     2 |     1 |       ||     7
   Stab: Sleeping          |     6 |     3 |    37 |    45 |    52 |    74 |    34 ||   251
         Distracted        |       |       |     1 |     3 |    13 |     9 |     2 ||    28
         Held in net/web   |       |       |       |       |       |     2 |       ||     2
         Confused          |       |       |       |       |       |       |     6 ||     6
         Paralysed         |       |       |       |       |       |       |     1 ||     1
 Armour: Animal skin       |    13 |       |       |       |       |       |       ||    13
         Ring mail         |       |    11 |    53 |    21 |       |       |       ||    85
         Acid dragon scale |       |       |       |   149 |   251 |    19 |       ||   419
         Storm dragon scal |       |       |       |       |       |   422 |   224 ||   646
  Dodge: Dodged            |    57 |    45 |   134 |   513 |   937 |   949 |   420 ||  3055
  Block: Other             |       |    14 |    24 |       |       |       |       ||    38
         Reflection        |       |       |     1 |       |       |       |    22 ||    23
         Buckler           |       |       |       |       |       |   207 |       ||   207
         Kite shield       |       |       |       |       |       |    39 |   559 ||   598
